 Dungeon Crawl Stone Soup version 0.29-a0-337-g68df138881 (webtiles) character file.

Game seed: 10760371108292470173

11 spaghetti the Conjurer (level 2, -1/18 HPs)
             Began as an Octopode Conjurer on Apr 16, 2022.
             Slain by a quokka (5 damage)
             ... on level 1 of the Dungeon.
             The game lasted 00:00:53 (814 turns).

spaghetti the Conjurer (Octopode Conjurer)           Turns: 814, Time: 00:00:53

Health: -1/18      AC:  1    Str:  6    XL:     2   Next: 29%
Magic:  5/5        EV: 13    Int: 20    God:
Gold:   10         SH:  0    Dex: 10    Spells: 4/5 levels left

rFire   . . .      SeeInvis .   (no weapon)
rCold   . . .      Faith    .   (no shield)
rNeg    . . .      Spirit   .   (helmet restricted)
rPois   .          Reflect  .   (no amulet)
rElec   .          Harm     .   (no ring)
rCorr   .          Rampage  .   (no ring)
Will    .....                   (no ring)
Stlth   +++.......              (no ring)
HPRegen 0.06/turn               (no ring)
MPRegen 0.09/turn               (no ring)
                                (no ring)
                                (no ring)

@: no status effects
A: almost no armour, amphibious, 8 rings, camouflage 1, gelatinous body 1,
(nimble swimmer 1), tentacles
a: no special abilities


You were on level 1 of the Dungeon.
You visited 1 branch of the dungeon, and saw 1 of its levels.

You collected 10 gold pieces.


Innate Abilities, Weirdness & Mutations

You cannot wear most types of armour.
You are amphibious.
You can wear up to eight rings at the same time.
Your skin changes colour to match your surroundings (Stealth+).
Your rubbery body absorbs attacks. (AC +1, EV +1)
((You are camouflaged when in or above water. (Stealth+)))
You have tentacles for arms and can constrict up to eight enemies at once.


   Skills:
 + Level 0.5 Fighting
 + Level 2.1 Dodging
 + Level 3.0 Stealth
 + Level 2.1 Spellcasting
 * Level 4.1 Conjurations


You had 4 spell levels left.
You knew the following spells:

 Your Spells              Type           Power      Damage    Failure   Level
a - Magic Dart            Conj           72%        1d6       2%          1

Your spell library contained the following spells:

 Spells                   Type           Power      Damage    Failure   Level
 Searing Ray              Conj           36%        2d5       4%          2
 Dazzling Flash           Conj/Hex       20%        N/A       21%         3
 Fulminant Prism          Conj/Hex       5%         3d7       54%         4
 Iskenderun's Mystic Bla  Conj/Tloc      10%        2d4       54%         4

Inventory:

Hand Weapons
 b - a +0 club {mace}
   (You took it off a goblin on level 1 of the Dungeon)
 e - a +0 short sword {short}
   (You took it off a kobold on level 1 of the Dungeon)
Missiles
 d - 3 poisoned darts {throwing}
 f - 10 stones {throwing}
Scrolls
 c - a scroll of identify {unknown}

Dungeon Overview and Level Annotations

Branches:
Dungeon (1/15)

Altars:

#.##......# ####...
###.#######.###......
#...# #..##.#####
#.### ##.##.# ###
.#####.##### ####.#
#.. #...........# #.
♣.♣ #.. #######..)..#
#...#♣♣.♣♣#.. #..r..#
#............ #^.)@.#
#####♣♣.♣♣#.. #...g.#
♣.♣ #.. #...)[#
#.###.. .......#
#...... .........#
#.##### .........#
#.. # .......... ##.
# ....####.. . ## #.


You could see a quokka and a hobgoblin.


Message History

Key pressed, stopping explore.
You now have 10 gold pieces.
A quokka comes into view.
A quokka is nearby! 😎 HP[+3] MP[+3]
Your hp is fully restored (11).
Your mp is fully restored (3).
A quokka is nearby!
The magic dart hits the quokka. 😎 MP[-1]
You lost 1 mp, and now have 2/3 mp.
The magic dart hits the quokka.
You kill the quokka!
You have reached level 2! 😎 HP[+7] MP[-1]
You now have 18 max hp (+7).
Your hp is fully restored (18).
You see here a quokka corpse.
Key pressed, stopping explore.
A kobold comes into view. It is wielding a +0 short sword.
The kobold shouts! 😎 MP[+4]
Your mp is fully restored (5).
A kobold is nearby!
A kobold is nearby!
A kobold is nearby!
The magic dart hits the kobold.
You kill the kobold! 😎 MP[-1]
You lost 1 mp, and now have 4/5 mp.
You can't see any susceptible monsters within range! (Use Z to cast anyway.)
You can't see any susceptible monsters within range! (Use Z to cast anyway.)
You can't see any susceptible monsters within range! (Use Z to cast anyway.)
A goblin comes into view. It is wielding a +0 club.
A goblin is nearby!
A goblin is nearby!
A goblin is nearby!
The magic dart hits the goblin. 😎 MP[-1]
You lost 1 mp, and now have 3/5 mp.
You miscast Magic Dart.
You are very lightly contaminated with residual magic.
Nothing appears to happen. 😎 MP[-1]
You lost 1 mp, and now have 2/5 mp.
You miscast Magic Dart.
Nothing appears to happen. 😎 MP[-1]
You lost 1 mp, and now have 1/5 mp.
The magic dart hits the goblin. 😎 MP[-1]
You lost 1 mp, and now have 0/5 mp.
A goblin comes into view. It is wielding a +0 club.
You closely miss the goblin.
The goblin shouts!
Your grab misses the goblin.
You hear a shout!
The goblin misses you.
You tentacle-slap the goblin.
You kill the goblin!
A quokka comes into view.
Things that are here:
a +0 club {mace}; a goblin corpse The goblin hits you with a +0 club. 😕 HP[-1] MP[+1]
You take 1 damage, and now have 17/18 hp.
You tentacle-slap the goblin. Your grab misses the goblin.
Your squeeze misses the goblin. The goblin closely misses you.
You barely miss the goblin. Your grab misses the goblin.
The goblin hits you with a +0 club.
A hobgoblin comes into view. 😕 HP[-2]
You take 2 damage, and now have 15/18 hp.
You barely miss the goblin. Your grab misses the goblin.
The goblin hits you with a +0 club. 😮 HP[-4]
You take 4 damage, and now have 11/18 hp.
MASSIVE DAMAGE!! (PAUSE)
You tentacle-slap the goblin but do no damage.
You grab the goblin. You constrict the goblin. The goblin closely misses you.
Casting: Magic Dart (safe; 2% risk of failure)
Confirm with . or Enter, or press ? or * to list all spells.
Aiming: Magic Dart (safe; 2% risk of failure)
Press: ? - help, Shift-Dir - straight line, f - goblin
Aim: a goblin, wielding a +0 club (severely wounded, constricted by you, 100% to hit)
The magic dart hits the goblin.
You kill the goblin!
Your Stealth skill increases to level 3! 😮 MP[-1]
You lost 1 mp, and now have 0/5 mp.
You tentacle-slap the quokka but do no damage.
Your grab misses the quokka. Your squeeze misses the quokka.
The quokka bites you.
* * * LOW HITPOINT WARNING * * *
Your magical contamination has completely faded away.
The quokka bites you.
* * * LOW HITPOINT WARNING * * *
😱 HP[-7]
You take 7 damage, and now have 4/18 hp.
MASSIVE DAMAGE!! (PAUSE) Magic courses through your body.
The quokka bites you.
You die...

Skill      XL: |  1  2 |
---------------+-------+-----
Stealth        | 3 |  3.0
Fighting       | |  0.5
Dodging        | |  2.1
Spellcasting   | |  2.1
Conjurations   | |  4.1

Action                   || total
-------------------------++-------
Melee: Unarmed           ||    15
       Constrict         ||     2
       Tentacles         ||     1
 Cast: Magic Dart        ||    18
  Use: Potion            ||     4
Armor: Skin              ||     5
Dodge: Dodged            ||     8

Levels and vault maps discovered:
D:1:      dpeg_arrival_tiny_a, layout_basic, minmay_tree_intersection

Notes
Turn   | Place    | Note
-------+----------+-------------------------------------------
     0 | D:1      | spaghetti the Octopode Conjurer began the quest for the
                  | Orb.
     0 | D:1      | Reached XP level 1. HP: 11/11 MP: 3/3
     0 | D:1      | magus.rc [v1.9.6]
    70 | D:1      | HP: 2/11 [constriction (1)]
   739 | D:1      | Reached XP level 2. HP: 18/18 MP: 1/5
   812 | D:1      | Reached skill level 3 in Stealth
   813 | D:1      | HP: 4/18 [quokka (4)]
   814 | D:1      | Slain by a quokka

Vanquished Creatures
  A ball python (D:1)
  3 goblins (D:1)
  2 kobolds (D:1)
  2 quokkas (D:1)
  A rat (D:1)
9 creatures vanquished.

Table legend:
 A = Non-vault XP
 B = Vault XP
 C = Vault XP percentage of total XP
 D = Non-vault monster count
 E = Vault monster count
 F = Vault count percentage of total count
                 A         B        C        D         E       F
            +---------+---------+-------+---------+---------+-------
      Total |      17 |       0 |   0.0 |       9 |       0 |   0.0
            +---------+---------+-------+---------+---------+-------
        D:1 |      17 |       0 |   0.0 |       9 |       0 |   0.0
            +---------+---------+-------+---------+---------+-------

Illustrated notes

Table legend:
 A = Kills in this place as a percentage of kills in entire the game.
 B = Kills by you in this place as a percentage of kills by you in the entire game.
 C = Kills by friends in this place as a percentage of kills by friends in the entire game.
 D = Other kills in this place as a percentage of other kills in the entire game.
 E = Experience gained in this place as a percentage of experience gained in the entire game.
 F = Experience gained in this place divided by the number of levels of this place that you have seen.
                   A       B       C       D       E      F
               +-------+-------+-------+-------+-------+----------------------
         Total | 100.0 | 100.0 |   N/A |   N/A | 100.0 |  17.0
       Dungeon | 100.0 | 100.0 |   N/A |   N/A | 100.0 |  17.0
               +-------+-------+-------+-------+-------+----------------------

Table legend: (Time is in decaauts)
 A = Elapsed time spent in this place.
 B = Non-inter-level travel time spent in this place.
 C = Inter-level travel time spent in this place.
 D = Time resting spent in this place.
 E = Time spent auto-exploring this place.
 F = Levels seen in this place.
 G = Mean time per level.
                   A        B        C        D        E       F      G
               +--------+--------+--------+--------+--------+-----+--------+
         Total |    814 |    814 |      0 |    128 |    616 |   1 |  814.0 |
       Dungeon |    814 |    814 |      0 |    128 |    616 |   1 |  814.0 |
               +--------+--------+--------+--------+--------+-----+--------+

Top non-repeatable levels by time:
     D:1: 814 daAuts
